 Dungeon Crawl Stone Soup version 0.24.0-35-gdb84b6a5db (webtiles) character file.

Game seed: 6361769442931603579, levelgen mode: deterministic

116 Mrkan the Chucker (level 4, -4/44 HPs)
             Began as a Troll Hunter on Nov 17, 2019.
             Slain by Sigmund
             ... wielding a +0 scythe
              (10 damage)
             ... on level 3 of the Dungeon.
             The game lasted 00:03:57 (1777 turns).

Mrkan the Chucker (Troll Hunter)                    Turns: 1777, Time: 00:03:58

Health: -4/44      AC:  6    Str: 20    XL:     4   Next: 69%
Magic:  3/3        EV: 10    Int:  8    God:
Gold:   116        SH: 12    Dex: 15    Spells: 3/3 levels left

rFire    . . .     SeeInvis .     - Unarmed
rCold    . . .     Gourm    +   e - +0 large shield
rNeg     . . .     Faith    .   b - +0 robe
rPois    .         Spirit   .   (helmet restricted)
rElec    .         Reflect  .   (no cloak)
rCorr    .         Harm     .   (gloves unavailable)
MR       .....                  (boots unavailable)
Stlth    +++.......             (no amulet)
HPRegen  0.54/turn              (no ring)
MPRegen  0.08/turn              (no ring)

@: agile
A: large, unfitting armour, claws 3, fast metabolism 3, gourmand, regeneration
1, shaggy fur 1, tough skin 3
a: no special abilities


You were on level 3 of the Dungeon.
You were completely stuffed.

You visited 1 branch of the dungeon, and saw 3 of its levels.

You collected 116 gold pieces.

Inventory:

Missiles
 c - 5 large rocks (quivered)
 d - 2 throwing nets
Armour
 b - a +0 robe (worn)
 e - a +0 large shield (worn)
Wands
 k - a wand of random effects (26)
Scrolls
 a - 2 scrolls of identify {unknown}
 g - 3 scrolls of teleportation {unknown}
 h - a scroll of remove curse {unknown}
 m - a scroll of blinking {unknown}
Potions
 i - a potion of cancellation {unknown}
 l - a potion of agility
 n - a potion of resistance {unknown}
Comestibles
 f - 7 rations


   Skills:
 + Level 2.6 Fighting
 - Level 3.6 Throwing
 - Level 1.5 Dodging
 - Level 0.3 Stealth
 * Level 3.5 Unarmed Combat


You had 3 spell levels left.
You didn't know any spells.
Your spell library was empty.

Dungeon Overview and Level Annotations

Branches:
Dungeon (3/15)

Altars:
Ru
Sif Muna
Xom

Annotations:
D:3 Sigmund


Innate Abilities, Weirdness & Mutations

You are too large for most types of armour.
You have claws for hands.
Your metabolism is lightning-fast.
You like to eat raw meat.
Your natural rate of healing is unusually fast.
You are covered in fur. (AC +1)
You have extremely tough skin. (AC +3)


Message History

You block something's attack.
The hobgoblin hits you but does no damage.
You claw the quokka!
You kill the quokka!
You block the hobgoblin's attack.
You closely miss the hobgoblin. Something hits you.
You block the hobgoblin's attack.
You scratch the hobgoblin.
You kill the hobgoblin!
A magic dart appears from out of thin air!
The magic dart hits you.
A kobold comes into view. It is wielding a -3 dagger.
Something hits you!
* * * LOW HITPOINT WARNING * * *
You see here a hobgoblin corpse.
The kobold shouts!
It was a potion of agility.
You feel agile all of a sudden. Something hits you!
You die...

###### ###
.≈≈≈..# #<#
≈K..≈..# ## #.#
≈._.≈...#. #.#
...≈w.#.####.###
≈≈≈..#{........#
######..†.†.#.#.#
.......@....#...#
#.......$...#####
###########$.....
#######


You could see a worm and a kobold.

Vanquished Creatures
  5 adders
  2 worms (D:2)
  3 dart slugs (D:2)
  2 leopard geckos (D:2)
  4 bats
  3 giant cockroaches (D:2)
  5 goblins
  11 hobgoblins
  4 jackals (D:1)
  A quokka (D:3)
  A ball python (D:3)
  3 frilled lizards (D:2)
  6 kobolds
  5 rats
  A butterfly (D:2)
56 creatures vanquished.

Notes
Turn   | Place    | Note
-------+----------+-------------------------------------------
     0 | D:1      | Mrkan the Troll Hunter began the quest for the Orb.
     0 | D:1      | Reached XP level 1. HP: 19/19 MP: 0/0
   281 | D:1      | Reached skill level 1 in Unarmed Combat
   293 | D:1      | Reached XP level 2. HP: 28/28 MP: 1/1
   714 | D:2      | Reached XP level 3. HP: 35/35 MP: 2/2
   723 | D:2      | Found a shimmering altar of Xom.
  1215 | D:2      | Reached XP level 4. HP: 44/44 MP: 3/3
  1678 | D:2      | Found a shimmering blue altar of Sif Muna.
  1760 | D:3      | Found a sacrificial altar of Ru.
  1761 | D:3      | Noticed Sigmund
  1777 | D:3      | Slain by Sigmund

Levels and vault maps discovered:
D:1:      dpeg_arrival_lava_altar, layout_loops_ring
D:2:      layout_basic, xom_butterflies, lemuel_blue_sif_altar
D:3:      layout_basic, yredelemnul_forgotten_temple_becter,
          okawaru_metal_pillars_3, nicolae_ru_awakened_eye, ashenzari_altar_1,
          uniq_terence, uniq_sigmund

Skill      XL: |  1  2  3 |
---------------+----------+-----
Unarmed Combat | 1 2 3 |  3.5
Fighting       | 2 |  2.6
Throwing       | |  3.6
Dodging        | |  1.5
Stealth        | |  0.3

Action                   |  1- 3 |  4- 6 || total
-------------------------+-------+-------++-------
Melee: Unarmed           |   113 |    47 ||   160
  Use: Potion            |       |     1 ||     1
 Stab: Sleeping          |     2 |       ||     2
  Eat: Chunk             |    17 |     5 ||    22
Armor: Robe              |    47 |    26 ||    73
Dodge: Dodged            |    21 |     7 ||    28
Block: Large shield      |    76 |    33 ||   109
